 Dungeon Crawl Stone Soup version 0.28.0-45-g0d030f2227 (webtiles) character file.

Game seed: 17642960448946073023

70 pkoi the Gusty (level 3, -5/26 HPs)
             Began as a Demigod Air Elementalist on Apr 18, 2022.
             Slain by Terence
             ... wielding a +2 vorpal falchion
              (7 damage)
             ... on level 2 of the Dungeon.
             The game lasted 00:03:10 (3052 turns).

pkoi the Gusty (Demigod Air Elementalist)           Turns: 3052, Time: 00:03:10

Health: -5/26      AC:  5    Str:  9    XL:     3   Next: 77%
Magic:  0/8        EV: 12    Int: 21    God:
Gold:   54         SH:  0    Dex: 14    Spells: 4/5 levels left

rFire   . . .      SeeInvis .   d - +0 dagger
rCold   . . .      Faith    .   (no shield)
rNeg    . . .      Spirit   .   a - +0 robe
rPois   .          Reflect  .   (no helmet)
rElec   .          Harm     .   h - +2 cloak
rCorr   .          Rampage  .   (no gloves)
Will    .....                   (no boots)
Stlth   ++........              (no amulet)
HPRegen 0.08/turn               (no ring)
MPRegen 0.11/turn               (no ring)

@: very slightly contaminated
A: high MP 1, forlorn, divine attributes
a: no special abilities


You were on level 2 of the Dungeon.
You visited 1 branch of the dungeon, and saw 2 of its levels.

You collected 54 gold pieces.

Inventory:

Hand Weapons
 d - a +0 dagger (weapon)
Missiles
 e - 2 poisoned darts
Armour
 a - a +0 robe (worn)
 h - a +2 cloak (worn)
Potions
 b - a potion of mutation {unknown}
 c - a potion of flight {unknown}
 f - a potion of might
 g - a potion of attraction {unknown}


   Skills:
 - Level 1.7 Dodging
 - Level 1.7 Stealth
 + Level 1.9 Spellcasting
 + Level 1.0 Conjurations
 * Level 4.3 Air Magic


You had 4 spell levels left.
You knew the following spells:

 Your Spells              Type           Power      Damage    Failure   Level
a - Shock                 Conj/Air       52%        1d6       4%          1

Your spell library contained the following spells:

 Spells                   Type           Power      Damage    Failure   Level
 Static Discharge         Conj/Air       13%        N/A       8%          2
 Swiftness                Air            20%        N/A       8%          3
 Airstrike                Air            10%        N/A       24%         4


Dungeon Overview and Level Annotations

Branches:
Dungeon (2/15)

Annotations:
D:2 Terence


Innate Abilities, Weirdness & Mutations

You have an increased reservoir of magic. (+10% MP)
You shall have no god before yourself.
Your divine heritage dramatically boosts your attributes as you level up.


Message History

Casting: Shock (safe; 4% risk of failure)
Confirm with . or Enter, or press ? or * to list all spells.
Okay, then.
Terence shouts, "ATTACK!!!"
Casting: Shock (safe; 4% risk of failure)
Confirm with . or Enter, or press ? or * to list all spells.
Okay, then.
Unknown command.
Okay, then.
Okay, then.
There is a stone staircase leading up here.
Aiming: Shock (safe; 4% risk of failure)
Press: ? - help, Q - select action, (/) - cycle Shift-Dir - straight line You miscast Shock.
You are very lightly contaminated with residual magic.
Nothing appears to happen.
Terence hits you but does no damage.
Aiming: Shock (safe; 4% risk of failure)
Press: ? - help, Q - select action, (/) - cycle Shift-Dir - straight line The zap hits Terence.
Terence is severely wounded.
The zap hits Terence but does no damage.
Terence is severely wounded.
Terence hits you with a +2 vorpal falchion.
* * * LOW HITPOINT WARNING * * *
x2
Aiming: Shock (safe; 4% risk of failure)
Press: ? - help, Q - select action, (/) - cycle Shift-Dir - straight line The zap hits Terence.
Terence is severely wounded.
The zap hits Terence.
Terence is almost dead.
Terence closely misses you.
Your magical contamination has completely faded away.
Aiming: Shock (safe; 4% risk of failure)
Press: ? - help, Q - select action, (/) - cycle Shift-Dir - straight line You miscast Shock.
You are very lightly contaminated with residual magic.
Nothing appears to happen.
Terence hits you with a +2 vorpal falchion!
You die...

## #.##........[.
#...##.##..##......
#...##.....##.#####
#...##........#
#...##..##.####
#.......##.#
#...#..###.## #
#...#..# #<.####...
#.@.#..# #.......#
#..@#..###...#####
#.<........>.#
#.........####
#.........#
#.........#
#.........#
#.........#
#.........#


You could see Terence.

Vanquished Creatures
  2 adders (D:2)
  A worm (D:1)
  A dart slug (D:1)
  5 ball pythons
  3 endoplasms (D:2)
  2 giant cockroaches (D:2)
  6 goblins
  2 hobgoblins
  7 jackals
  6 kobolds
  A quokka (D:2)
  2 bats (D:2)
  A frilled lizard (D:2)
  2 rats (D:1)
41 creatures vanquished.

Notes
Turn   | Place    | Note
-------+----------+-------------------------------------------
     0 | D:1      | pkoi the Demigod Air Elementalist began the quest for the
                  | Orb.
     0 | D:1      | Reached XP level 1. HP: 14/14 MP: 5/5
   421 | D:1      | Reached skill level 3 in Air Magic
   600 | D:1      | Reached XP level 2. HP: 20/20 MP: 5/7
  1951 | D:2      | Reached skill level 4 in Air Magic
  1951 | D:2      | Reached XP level 3. HP: 15/26 MP: 3/8
  2349 | D:2      | Noticed Terence
  2624 | D:2      | Reached skill level 1 in Conjurations
  3040 | D:2      | HP: 1/26 [Terence/+2 vorpal falchion (1)]
  3052 | D:2      | Slain by Terence

Illustrated notes

Levels and vault maps discovered:
D:1:      matt_arrival_spirals, layout_loops_ring,
          dilly_ecumenical_altar_fadedgnrine, minmay_tetromino_l2
D:2:      minmay_skewed_foursquare, layout_rooms, uniq_terence

Skill      XL: |  1  2  3 |
---------------+----------+-----
Air Magic      | 3 4 |  4.3
Conjurations   | 1 |  1.0
Dodging        | |  1.7
Stealth        | |  1.7
Spellcasting   | |  1.9

Action                   || total
-------------------------++-------
Melee: Dagger            ||    17
       Punch             ||     1
 Cast: Shock             ||   105
  Use: Scroll            ||     3
 Stab: Sleeping          ||     2
Armor: Robe              ||    10
Dodge: Dodged            ||    33
